 Dungeon Crawl Stone Soup version 0.29-a0-789-g7a8fcbc185 (webtiles) character file.

Game seed: 8267754505775677587

3863 dranuc9 the Thaumaturge (level 9, -11/47 HPs)
             Began as a Deep Elf Conjurer on July 1, 2022.
             Was a Follower of Vehumet.
             Mangled by a hornet (15 damage)
             ... on level 8 of the Dungeon on July 2, 2022.
             The game lasted 01:31:53 (9873 turns).

dranuc9 the Thaumaturge (Deep Elf Conjurer)         Turns: 9873, Time: 01:31:54

Health: -11/47     AC:  6    Str:  4    XL:     9   Next: 99%
Magic:  13/27      EV: 14    Int: 33    God:    Vehumet [*.....]
Gold:   510        SH:  0    Dex: 13    Spells: 18/32 levels left

rFire   . . .      SeeInvis .   H - +4 dagger "Morg" {pain, Will+ Int+5}
rCold   . . .      Faith    .   (no shield)
rNeg    . . .      Spirit   .   m - +2 animal skin
rPois   .          Reflect  .   n - +0 helmet
rElec   .          Harm     .   (no cloak)
rCorr   .          Rampage  .   h - +0 pair of gloves
Will    +....                   (no boots)
Stlth   +++.......              (no amulet)
HPRegen 0.15/turn               s - ring of wizardry
MPRegen 0.20/turn               (no ring)

@: slowed, very slow
A: no striking features
a: Renounce Religion


You were on level 8 of the Dungeon.
You worshipped Vehumet.
Vehumet was aware of your devotion.
You visited 2 branches of the dungeon, and saw 9 of its levels.
You also visited: Sewer.

You collected 510 gold pieces.

Inventory:

Hand Weapons
 o - a +2 dagger of venom
 D - a +2 dagger of draining
 H - the +4 dagger "Morg" (weapon) {pain, Will+ Int+5}
   (You found it on level 6 of the Dungeon)

   In the hands of one skilled in necromantic magic, it inflicts extra damage on
   living creatures.
   Int:       It affects your intelligence (+5).
   Will:      It increases your willpower.
 J - a +0 shortbow
 K - the +10 shortbow of Omulamoe {flame, rN+ Str+7 Int-5}
   (You found it on level 7 of the Dungeon)

   Any ammunition fired from it burns those it strikes, dealing additional fire
   damage.
   Str:       It affects your strength (+7).
   Int:       It affects your intelligence (-5).
   rN:        It protects you from negative energy.
 M - a +5 dagger
 N - a +3 short sword
Missiles
 d - 8 poisoned darts (quivered)
Armour
 a - a +0 robe
 h - a +0 pair of gloves (worn)
 m - a +2 animal skin (worn)
 n - a +0 helmet (worn)
Jewellery
 s - a ring of wizardry (left hand)
 L - a ring of wizardry
Wands
 k - a wand of acid (7)
Scrolls
 c - 6 scrolls of teleportation
 e - 2 scrolls of poison
 f - a scroll of enchant weapon {unknown}
 j - a scroll of torment {unknown}
 l - a scroll of enchant armour {unknown}
 q - a scroll of amnesia {unknown}
 r - 5 scrolls of vulnerability
 t - a scroll of summoning {unknown}
 w - 3 scrolls of blinking {unknown}
 x - a scroll of acquirement {unknown}
 y - a scroll of silence {unknown}
 B - a scroll of fog {unknown}
 F - a scroll of magic mapping {unknown}
 O - a scroll of immolation {unknown}
Potions
 b - 3 potions of magic
 g - 3 potions of curing
 i - a potion of might
 p - 2 potions of haste
 u - 5 potions of mutation
 v - 4 potions of attraction
 z - 2 potions of brilliance
 A - 4 potions of lignification
 C - 2 potions of cancellation
 E - a potion of flight
 G - a potion of berserk rage {unknown}
 I - a potion of ambrosia {unknown}


   Skills:
 + Level 1.5 Fighting
 + Level 0.3 Short Blades
 + Level 2.0 Throwing
 + Level 5.6 Dodging
 + Level 5.0 Stealth
 + Level 12.2 Spellcasting
 + Level 10.1 Conjurations
 + Level 3.7 Hexes
 + Level 0.7 Earth Magic
 + Level 1.3 Evocations


You had 18 spell levels left.
You knew the following spells:

 Your Spells              Type           Power      Damage    Failure   Level
a - Magic Dart            Conj           100%       1d8       1%          1
b - Searing Ray           Conj           100%       2d8       1%          2
c - Stone Arrow           Conj/Erth      100%       3d13      1%          3
d - Fulminant Prism       Conj/Hex       30%        3d16      1%          4
e - Iskenderun's Mystic   Conj/Tloc      52%        2d11      1%          4

Your spell library contained the following spells:

 Spells                   Type           Power      Damage    Failure   Level
 Shock                    Conj/Air       100%       1d9       1%          1
 Sandblast                Erth           50%        2d12      1%          1
 Passwall                 Tmut/Erth      18%        N/A       1%          2
 Poisonous Vapours        Pois/Air       40%        N/A       1%          2
 Dazzling Flash           Conj/Hex       100%       N/A       1%          3
 Corpse Rot               Necr/Pois/Air  20%        N/A       9%          4
 Starburst                Conj/Fire      26%        6d8       17%         6


Dungeon Overview and Level Annotations

Branches:
Dungeon (8/15)             Temple (1/1) D:5           Sewer (visited)
   Lair: D:8-11

Altars:
Ashenzari
Dithmenos
Elyvilon
Fedhas
Gozag
Hepliaklqana
Kikubaaqudgha
Makhleb
Nemelex Xobeh
Ru
Trog
Uskayaw
Vehumet
Wu Jian
Xom
Yredelemnul
Zin
The Shining One


Message History

The blast of energy engulfs the hornet!
The hornet is moderately wounded.
You hear a bellow! x2
Casting: Fulminant Prism (dangerous; 1% risk of failure)
Confirm with . or Enter, or press ? or * to list all spells.
Aiming: Searing Ray (safe; 1% risk of failure)
Press: ? - help, Shift-Dir - straight line The searing ray hits the hornet but does no damage.
The hornet is moderately wounded. (Press . to maintain the ray.)
The searing ray hits the hornet!
The hornet is heavily wounded.
The hornet closely misses you.
The searing ray misses the hornet.
The hornet stings you!
You feel yourself slow down.
A yak comes into view.
The searing ray hits the hornet!
The hornet is severely wounded.
You finish channelling your searing ray.
You feel yourself speed up. The hornet stings you!
You feel yourself slow down. The hornet misses you.
Casting: Searing Ray (safe; 1% risk of failure)
Confirm with . or Enter, or press ? or * to list all spells.
Aiming: Searing Ray (safe; 1% risk of failure)
Press: ? - help, Shift-Dir - straight line The searing ray misses the hornet. (Press . to maintain the ray.)
The yak bellows!
The hornet completely misses you. x2; The hornet stings you.
You feel as though you will be slow longer.
The searing ray hits the hornet!
The hornet is almost dead.
The hornet stings you!
* * * LOW HITPOINT WARNING * * *
You feel as though you will be slow longer.
The hornet misses you.
The searing ray misses the hornet.
The searing ray hits the yak.
The yak is lightly wounded.
The hornet stings you!
You die...

## #.... #. .
.... #. .. ... ##
... ... # ..Y.
#.# # ..... #.#
......#####.#
......!Y..y@#
.......†....##
.....####....####
.... ##.......#
... #........# ..
#........# # .
#........## #
#......(#..# #
#.......##.## #


You could see a yak and a hornet.

Vanquished Creatures
  A hornet (D:7)
  Sigmund (D:2)
  A wyvern (D:7)
  2 yaks (D:8)
  A water moccasin (D:6)
  Duvessa (D:4)
  2 ice beasts
  A sky beast (D:7)
  A black bear (D:3)
  2 ogres
  A centaur (D:6)
  2 phantoms (D:5)
  2 bullfrogs (D:7)
  3 scorpions
  11 wights (D:8)
  Dowan (D:4)
  An electric eel (D:7)
  3 howler monkeys
  A centaur zombie (D:4)
  2 lava snakes (D:8)
  2 hounds
  A jelly (D:5)
  A centaur skeleton (D:4)
  2 orc priests (D:5)
  2 boudas (D:6)
  Jessica (D:3)
  4 iguanas
  7 orc wizards
  A hound zombie (D:4)
  Robin (D:2)
  10 gnolls (D:6)
  2 river rats (Sewer)
  10 adders
  3 shadow imps
  An ufetubus (D:4)
  An adder skeleton (D:4)
  An adder zombie (D:4)
  A worm (D:2)
  6 dart slugs
  22 orcs
  6 bats
  4 endoplasms
  3 giant cockroaches
  16 goblins
  7 hobgoblins
  8 kobolds
  11 ball pythons
  13 frilled lizards
  8 rats
195 creatures vanquished.

Vanquished Creatures (others)
  32 fulminant prisms
32 creatures vanquished.

Grand Total: 227 creatures vanquished

Notes
Turn   | Place    | Note
-------+----------+-------------------------------------------
     0 | D:1      | dranuc9 the Deep Elf Conjurer began the quest for the Orb.
     0 | D:1      | Reached XP level 1. HP: 10/10 MP: 6/6
   153 | D:1      | Reached XP level 2. HP: 15/15 MP: 5/8
   156 | D:1      | Learned a level 2 spell: Searing Ray
   262 | D:1      | Reached skill level 5 in Conjurations
   463 | D:1      | Found a faded altar of an unknown god.
   911 | D:2      | Reached XP level 3. HP: 19/19 MP: 7/9
  1133 | D:2      | Found a glowing silver altar of Zin.
  1341 | D:2      | Noticed Sigmund
  1548 | D:2      | Noticed Robin
  1567 | D:2      | Killed Robin
  1568 | D:2      | Reached skill level 4 in Spellcasting
  1651 | D:2      | Reached XP level 4. HP: 14/24 MP: 10/12
  1943 | D:2      | Killed Sigmund
  1944 | D:2      | Reached skill level 5 in Spellcasting
  1944 | D:2      | Reached XP level 5. HP: 10/28 MP: 4/14
  2782 | D:3      | Reached XP level 6. HP: 32/32 MP: 4/16
  2865 | D:3      | Noticed Jessica
  2869 | D:3      | Killed Jessica
  2880 | D:3      | Reached skill level 6 in Spellcasting
  2946 | D:3      | Found a glowing drain.
  3034 | Sewer    | Entered a sewer
  3582 | D:3      | Reached XP level 7. HP: 36/36 MP: 12/19
  4138 | D:4      | Reached skill level 7 in Spellcasting
  4792 | D:4      | Identified the +11 hand axe "Usoust" {vamp, MP-9 Int+5}
  5003 | D:4      | Noticed Duvessa
  5003 | D:4      | Noticed Dowan
  5018 | D:4      | Killed Duvessa
  5025 | D:4      | Killed Dowan
  5267 | D:4      | Reached skill level 8 in Spellcasting
  5267 | D:4      | Reached skill level 1 in Evocations
  5474 | D:5      | Entered Level 5 of the Dungeon
  5646 | D:5      | Reached skill level 1 in Throwing
  5646 | D:5      | Reached XP level 8. HP: 37/42 MP: 9/22
  5907 | D:5      | Reached skill level 1 in Fighting
  6060 | D:5      | Found a staircase to the Ecumenical Temple.
  6066 | Temple   | Entered the Ecumenical Temple
  6189 | Temple   | Became a worshipper of Vehumet
  6342 | D:5      | Reached skill level 9 in Spellcasting
  6675 | D:5      | Learned a level 3 spell: Stone Arrow
  6680 | D:5      | Learned a level 4 spell: Fulminant Prism
  7092 | D:6      | Found the +4 dagger "Morg" {pain, Will+ Int+5}
  7325 | D:6      | Reached skill level 10 in Spellcasting
  7702 | D:6      | Reached XP level 9. HP: 18/47 MP: 21/25
  8374 | D:7      | Learned a level 4 spell: Iskenderun's Mystic Blast
  8579 | D:7      | Reached skill level 11 in Spellcasting
  8579 | D:7      | Reached skill level 1 in Hexes
  8700 | D:7      | Reached skill level 5 in Dodging
  8737 | D:7      | Identified the +10 shortbow of Omulamoe {flame, rN+ Str+7
                  | Int-5}
  8913 | D:7      | Reached * piety under Vehumet
  8913 | D:7      | Offered knowledge of Shock by Vehumet.
  9600 | D:8      | Found a shimmering altar of Xom.
  9617 | D:8      | Upgraded the game from 0.29-a0-775-g4d7333d4e2 to
                  | 0.29-a0-789-g7a8fcbc185
  9704 | D:8      | Reached skill level 12 in Spellcasting
  9704 | D:8      | Reached skill level 10 in Conjurations
  9864 | D:8      | Reached skill level 5 in Stealth
  9873 | D:8      | Mangled by a hornet

Illustrated notes

Levels and vault maps discovered:
D:1:      ebering_trefoil_3fold, layout_basic,
          chequers_ecumenical_altar_simple_redux,
          nicolae_concentric_dashed_squares_mild
D:2:      layout_basic, basic_altar, uniq_robin, uniq_sigmund
D:3:      layout_rooms, gup_sewer_entry_glass, uniq_jessica
D:4:      layout_loops_cross, serial_undead, serial_undead_c, serial_undead_c,
          serial_undead_b, serial_undead_a, supply_closet_lemuel, uniq_duvessa
D:5:      layout_basic, minmay_temple_entry_steel_oval
D:6:      layout_basic
D:7:      layout_cave_pools, minivault_14
D:8:      layout_cave_pods, mainiacjoe_overflow_catch_the_wave,
          corexii_checkpoint_a
Temple:   minmay_crystal_spiral_temple

Skill      XL: |  1  2  3  4  5  6  7  8  9 |
---------------+----------------------------+-----
Conjurations   | 5 6 7 8 10 | 10.1
Spellcasting   | 4 5 6 8 10 12 | 12.2
Stealth        | 3 4 5 |  5.0
Dodging        | 3 4 5 |  5.6
Evocations     | 1 |  1.3
Throwing       | 1 2 |  2.0
Fighting       | 1 |  1.5
Hexes          | 3 |  3.7
Short Blades   | |  0.3
Earth Magic    | |  0.7

Action                   |  1- 3 |  4- 6 |  7- 9 || total
-------------------------+-------+-------+-------++-------
Melee: Unarmed           |     1 |       |       ||     1
       Dagger            |       |     1 |       ||     1
Throw: Dart              |       |     4 |     4 ||     8
 Cast: Magic Dart        |    58 |    64 |    94 ||   216
       Searing Ray       |     3 |    17 |    60 ||    80
       Stone Arrow       |       |       |     6 ||     6
       Fulminant Prism   |       |       |    32 ||    32
Evoke: Wand              |     3 |       |     2 ||     5
  Use: Scroll            |     2 |       |    10 ||    12
       Potion            |       |     1 |     1 ||     2
Armor: Robe              |     2 |       |       ||     2
       Animal skin       |       |     5 |    14 ||    19
Dodge: Dodged            |     1 |     7 |    37 ||    45

Table legend: (Time is in decaauts)
 A = Elapsed time spent in this place.
 B = Non-inter-level travel time spent in this place.
 C = Inter-level travel time spent in this place.
 D = Time resting spent in this place.
 E = Time spent auto-exploring this place.
 F = Levels seen in this place.
 G = Mean time per level.
                   A        B        C        D        E       F      G
               +--------+--------+--------+--------+--------+-----+--------+
         Total |   9930 |   9196 |    734 |   2383 |   5005 |  10 |  993.0 |
       Dungeon |   9162 |   8511 |    651 |   2309 |   4547 |   8 | 1145.2 |
        Temple |    207 |    124 |     83 |      0 |    105 |   1 |  207.0 |
         Sewer |    560 |    560 |      0 |     74 |    353 |   1 |  560.0 |
               +--------+--------+--------+--------+--------+-----+--------+

Top non-repeatable levels by time:
     D:2: 2000 daAuts
     D:6: 1588 daAuts
     D:4: 1456 daAuts
     D:5: 1050 daAuts
     D:7: 941 daAuts
     D:3: 889 daAuts
     D:1: 623 daAuts
     D:8: 612 daAuts
   Sewer: 560 daAuts
  Temple: 207 daAuts
